 Dungeon Crawl Stone Soup version 0.29-a0-398-ge13fd1374b (webtiles) character file.

Game seed: 10997618403447127974

105 bande the Covered (level 4, -5/29 HPs)
             Began as a Gargoyle Fighter on May 13, 2022.
             Slain by Natasha (7 damage)
             ... on level 1 of the Dungeon.
             The game lasted 00:02:27 (1838 turns).

bande the Covered (Gargoyle Fighter)                Turns: 1838, Time: 00:02:27

Health: -5/29      AC: 10    Str: 19    XL:     4   Next: 83%
Magic:  4/4        EV:  9    Int:  9    God:
Gold:   86         SH:  4    Dex: 11    Spells: 3/3 levels left

rFire   . . .      SeeInvis .   a - +0 war axe
rCold   . . .      Faith    .   c - +0 buckler
rNeg    + . .      Spirit   .   b - +0 scale mail
rPois   ∞          Reflect  .   (no helmet)
rElec   +          Harm     .   (no cloak)
rCorr   .          Rampage  .   (no gloves)
Will    .....                   (no boots)
Stlth   ..........              (no amulet)
HPRegen 0.09/turn               (no ring)
MPRegen 0.09/turn               (no ring)

@: brilliant
A: sickness immunity, AC +3, negative energy resistance 1, electricity
resistance, torment resistance 1, petrification resistance
a: no special abilities


You were on level 1 of the Dungeon.
You visited 1 branch of the dungeon, and saw 2 of its levels.

You collected 86 gold pieces.

Inventory:

Hand Weapons
 a - a +0 war axe (weapon)
 k - a +0 flail
Armour
 b - a +0 scale mail (worn)
 c - a +0 buckler (worn)
Scrolls
 e - a scroll of blinking {unknown}
 g - a scroll of immolation {unknown}
 h - a scroll of poison {unknown}
 i - a scroll of vulnerability {unknown}
Potions
 d - a potion of might
 f - 2 potions of brilliance
 j - a potion of attraction {unknown}


   Skills:
 + Level 3.8 Fighting
 + Level 3.0 Axes
 + Level 4.1 Armour
 + Level 3.8 Shields


You had 3 spell levels left.
You didn't know any spells.
Your spell library was empty.

Dungeon Overview and Level Annotations

Branches:
Dungeon (2/15)

Altars:

Annotations:
D:1 Natasha


Innate Abilities, Weirdness & Mutations

You are immune to sickness and miasma.
Your stone body is resilient. (AC +3)
You are immune to poison.
You resist negative energy. (rN+)
You are resistant to electric shocks. (rElec)
You are resistant to unholy torment.
You are immune to petrification.


Message History

The puff of frost hits you. The white imp misses you.
You barely miss the white imp.
The white imp is almost dead.
You hit the white imp. The white imp gestures at you.
The puff of frost hits you but does no damage.
The white imp gestures at you. The puff of frost hits you!
The white imp misses you.
The white imp hits you but does no damage.
You barely miss the white imp.
The white imp is almost dead.
You closely miss the white imp. You closely miss the shadow imp.
The shadow imp closely misses you.
The white imp hits you but does no damage.
The white imp gestures at you. The puff of frost hits you.
The shadow imp barely misses you.
You hit the white imp.
You kill the white imp!
The white imp disappears in a puff of smoke!
You hit the white imp. You hit the shadow imp. The white imp barely misses you.
The shadow imp hits you but does no damage.
The white imp grins evilly.
The white imp hits you.
* * * LOW HITPOINT WARNING * * *
The white imp freezes you.
* * * LOW HITPOINT WARNING * * *
Natasha claws you but does no damage.
You hit Natasha.
Natasha is moderately wounded.
You barely miss the white imp.
You hit the shadow imp but do no damage.
The shadow imp hits you but does no damage.
The white imp hits you but does no damage.
Natasha barely misses you.
The shadow imp hits you but does no damage.
Unknown command.
It was a potion of brilliance.
You feel clever all of a sudden. Natasha claws you!
You die...

#.......# ####.#.###
#.....# #.###.#### #.#
#....# #.###.##.# #
#.....##.# ##
########h#.####.# #.
#.......@5......# #.
#.##.....5##.####
######. ##.###....###.#
#...... #..[###..###..#
#.####.
#....######...######.#
#. #.....#
#...........## #.
#.....# #............#
#.
#....######....######.#
#. #...###..###...# #.#
##


You could see Natasha, a white imp (summoned) and a shadow imp (summoned).

Vanquished Creatures
  Natasha (twice) (D:2 D:1)
  2 adders
  A gnoll (D:1)
  A worm (D:2)
  4 ball pythons
  A bat (D:1)
  4 endoplasms (D:1)
  A giant cockroach (D:1)
  3 goblins (D:1)
  A hobgoblin (D:1)
  A quokka (D:1)
  2 frilled lizards (D:1)
  4 rats
27 creatures vanquished.

Vanquished Creatures (others)
  7 toadstools (D:1)
7 creatures vanquished.

Grand Total: 34 creatures vanquished

Notes
Turn   | Place    | Note
-------+----------+-------------------------------------------
     0 | D:1      | bande the Gargoyle Fighter began the quest for the Orb.
     0 | D:1      | Reached XP level 1. HP: 14/14 MP: 1/1
   273 | D:1      | Reached XP level 2. HP: 19/19 MP: 2/2
   525 | D:1      | Reached XP level 3. HP: 13/23 MP: 3/3
  1058 | D:2      | Noticed Natasha
  1067 | D:2      | Killed Natasha
  1068 | D:2      | Reached skill level 4 in Armour
  1068 | D:2      | Reached XP level 4. HP: 5/29 MP: 4/4
  1439 | D:2      | Noticed Natasha
  1631 | D:1      | Killed Natasha
  1826 | D:1      | Noticed Natasha
  1838 | D:1      | Slain by Natasha

Illustrated notes

Levels and vault maps discovered:
D:1:      nagdon_arrival_zigzag_paths, layout_loops_ring, minivault_19,
          minivault_25, dreamdust_wishing_well
D:2:      layout_basic, hellmonk_ecumenical_altar_zigzags, basic_altar,
          minmay_misc_feat_doors, uniq_natasha

Skill      XL: |  1  2  3  4 |
---------------+-------------+-----
Axes           | 2 3 |  3.0
Armour         | 4 |  4.1
Fighting       | |  3.8
Shields        | |  3.8

Action                   |  1- 3 |  4- 6 || total
-------------------------+-------+-------++-------
Melee: War axe           |    75 |    28 ||   103
  Use: Potion            |       |     1 ||     1
Armor: Scale mail        |    40 |    39 ||    79
Dodge: Dodged            |    40 |    22 ||    62
Block: Buckler           |    13 |     8 ||    21

Table legend: (Time is in decaauts)
 A = Elapsed time spent in this place.
 B = Non-inter-level travel time spent in this place.
 C = Inter-level travel time spent in this place.
 D = Time resting spent in this place.
 E = Time spent auto-exploring this place.
 F = Levels seen in this place.
 G = Mean time per level.
                   A        B        C        D        E       F      G
               +--------+--------+--------+--------+--------+-----+--------+
         Total |   1891 |   1862 |     29 |    530 |    849 |   2 |  945.5 |
       Dungeon |   1891 |   1862 |     29 |    530 |    849 |   2 |  945.5 |
               +--------+--------+--------+--------+--------+-----+--------+

Top non-repeatable levels by time:
     D:1: 1290 daAuts
     D:2: 601 daAuts
